 Dungeon Crawl Stone Soup version 0.29.0-4-gdea44cf6ec (webtiles) character file.

Game seed: 1163609335709482337

126 qw the Chopper (level 5, -1/30 HPs)
             Began as a Tengu Warper on Aug 28, 2022.
             Succumbed to a kobold's poison
             ... on level 3 of the Dungeon.
             The game lasted 00:00:18 (3140 turns).

qw the Chopper (Tengu Warper)                       Turns: 3140, Time: 00:00:18

Health: -1/30      AC: 11    Str: 13      XL:     5   Next: 10%
Magic:  9/9        EV:  4    Int: 12 (13) God:
Gold:   103        SH:  0    Dex: 14      Spells: 8/8 levels left

rFire   . . .      SeeInvis .   Y - +0 hand axe
rCold   . . .      Faith    .   (no shield)
rNeg    . . .      Spirit   .   g - +0 plate armour
rPois   .          Reflect  .   (helmet restricted)
rElec   .          Harm     .   e - scarf {repulsion}
rCorr   .          Rampage  .   (no gloves)
Will    .....      Clarity  +   (boots unavailable)
Stlth   ..........              (no amulet)
HPRegen 0.10/turn               (no ring)
MPRegen 0.11/turn               (no ring)

@: lethally poisoned (-1 -> -11), flying quickly and evasively, repel missiles,
quick
A: beak, talons 3, nimble flight, clarity, deterioration 1, shaggy fur 1, wild
magic 1
a: no special abilities


You were on level 3 of the Dungeon.
You visited 1 branch of the dungeon, and saw 3 of its levels.

You collected 103 gold pieces.


Innate Abilities, Weirdness & Mutations

You have a beak for a mouth.
You have claws for feet.
Your magical nature lets you fly swiftly and evasively.
You possess an exceptional clarity of mind.
Your body sometimes deteriorates upon taking damage.
You are covered in fur. (AC +1)
Your spells are a little harder to cast, but a little more powerful.


   Skills:
 - Level 2.0 Fighting
 - Level 5.6 Axes
 - Level 1.0 Throwing
 + Level 1.1 Armour
 - Level 2.1 Dodging
 - Level 2.0 Spellcasting
 - Level 2.4 Translocations


You had 8 spell levels left.
You didn't know any spells.
Your spell library contained the following spells:

 Spells                   Type           Power      Damage    Failure   Level
 Blink                    Tloc           18%        N/A       100%        2
 Gell's Gravitas          Tloc           9%         N/A       100%        3
 Lesser Beckoning         Tloc           9%         N/A       100%        3
 Teleport Other           Tloc           9%         N/A       100%        3
 Manifold Assault         Tloc           9%         N/A       100%        5

Inventory:

Hand Weapons
 l - a +0 whip
 Y - a +0 hand axe (weapon)
Armour
 e - a scarf of repulsion (worn)
 g - a +0 plate armour (worn)
Scrolls
 f - a scroll of identify
 i - a scroll of enchant armour {unknown}
Potions
 a - a potion of lignification {unknown}
 b - a potion of degeneration {unknown}
 c - a potion of brilliance {unknown}
 d - 2 potions of curing {unknown}
 k - a potion of might {unknown}

Dungeon Overview and Level Annotations

Branches:
Dungeon (3/15)

Altars:
Gozag
Sif Muna
Wu Jian
Xom

Shops:
D:1 *


Message History

You kill the rat!
A rat comes into view.
You barely miss the rat. Your kick misses the rat. The rat barely misses you.
You hit the rat.
You kill the rat!
Found a stone staircase leading down.
There is a stone staircase leading down here.
Done exploring.
Done exploring.
3074 ||| UPGRADING to +0 plate armour.
You start removing your armour.
You continue taking off your +0 scale mail. x4
You finish taking off your +0 scale mail.
You start putting on your armour.
You continue putting on your +0 plate armour. x5
You finish putting on your +0 plate armour.
3084 ||| DROPPING +0 scale mail.
You drop a +0 scale mail.
Done exploring.
3085 ||| READING scroll labelled CENGAK YGHOL.
As you read the scroll labelled CENGAK YGHOL, it crumbles to dust.
Your body is wracked with pain!
It was a scroll of torment.
You start resting.
A kobold comes into view.
It is wielding a +0 short sword and quivering poisoned darts.
The kobold shouts!
The kobold throws a poisoned dart.
The poisoned dart hits you.
You are poisoned.
You feel sick.
The kobold throws a poisoned dart.
The poisoned dart hits you!
You are more poisoned.
You feel very sick.
You feel very sick.
The kobold throws a poisoned dart.
The poisoned dart hits you!
You are lethally poisoned!
You feel very sick.
You feel very sick.
You hit the kobold.
You kill the kobold!
Your body deteriorates!
You feel dopey.
You feel very sick.
There is a lethal amount of poison in your body!
You die...

.##....#....../.##..## #.#
.....#....#.#...###..## #.#
.#..............# ##..# #.#
#..........##...# ##.# #.#
#...##.#....#.#.# #.# #.#
#..##.....#.....# #.# #.#
#......##.###...# #.# ##.#
#.#...###......)### #.# ##..#
..#..## ##...#..@.# #.######..##
.#...# ##...###..# #.....##.##
#...## ##....# #..# ###.####.#
...## #.....# #..# #.###..# ..##
##...(.# #..#####.##..#####
..#####..#...###....#...........#
.........%#####.................#
#..........?......###...........#
#.........######..##............#


There were no monsters in sight!

Vanquished Creatures
  Jessica (D:3)
  4 adders (D:2)
  4 endoplasms
  4 giant cockroaches
  7 goblins
  6 hobgoblins
  4 quokkas
  5 ball pythons
  6 bats
  9 frilled lizards
  9 kobolds
  7 rats
66 creatures vanquished.

Notes
Turn   | Place    | Note
-------+----------+-------------------------------------------
     0 | D:1      | qw the Tengu Warper began the quest for the Orb.
     0 | D:1      | Reached XP level 1. HP: 12/12 MP: 4/4
     0 | D:1      | 0 ||| qw: Version: 0.1-a-89-g26bdef1
     0 | D:1      | 0 ||| qw: Game counter: 1452
     0 | D:1      | 0 ||| qw: Always use a shield: true
     0 | D:1      | 0 ||| qw: God list: Okawaru
     0 | D:1      | 0 ||| qw: Allow faded altars: false
     0 | D:1      | 0 ||| qw: Do Orc after D:15 true
     0 | D:1      | 0 ||| qw: Do second Lair branch before Depths: true
     0 | D:1      | 0 ||| qw: Lair rune preference: random
     0 | D:1      | 0 ||| qw: Plans: Normal
     0 | D:1      | 0 ||| PLANNING D:1-11
    86 | D:1      | Found a faded altar of an unknown god.
   299 | D:1      | Reached skill level 3 in Axes
   299 | D:1      | Reached XP level 2. HP: 17/17 MP: 6/6
   716 | D:1      | Found Neghuewu's Assorted Antiques.
   725 | D:1      | 725 ||| SHOPLISTING blue potion (17 gold, have 11).
   725 | D:1      | 725 ||| SHOPLISTING coppery potion (17 gold, have 11).
   725 | D:1      | 725 ||| SHOPLISTING mace (57 gold, have 11).
   725 | D:1      | 725 ||| SHOPLISTING scroll labelled MAJAWA FIMY (19 gold,
                  | have 11).
   725 | D:1      | 725 ||| SHOPLISTING scroll labelled SUPHOI QOXEU (19 gold,
                  | have 11).
   929 | D:1      | 929 ||| DROPPING +0 club.
   981 | D:1      | 981 ||| Stepping ~*~*~tactically~*~*~ (stealth).
  1008 | D:1      | Reached XP level 3. HP: 8/21 MP: 7/7
  1401 | D:1      | 1401 ||| Stepping ~*~*~tactically~*~*~ (stealth).
  1402 | D:1      | 1402 ||| Stepping ~*~*~tactically~*~*~ (stealth).
  1405 | D:1      | 1405 ||| Stepping ~*~*~tactically~*~*~ (stealth).
  1408 | D:1      | 1408 ||| Stepping ~*~*~tactically~*~*~ (stealth).
  1426 | D:1      | 1426 ||| UPGRADING to scarf of repulsion.
  1431 | D:1      | 1431 ||| UPGRADING to +0 scale mail.
  1441 | D:1      | 1441 ||| DROPPING +0 leather armour.
  1442 | D:1      | 1442 ||| READING scroll labelled TAPIJA CUOXTYEN.
  1446 | D:1      | 1446 ||| READING scroll labelled SARYOP MOPO.
  1447 | D:1      | 1447 ||| READING 4 scrolls labelled DIXKAM LIOKKEOKK.
  1448 | D:1      | 1448 ||| READING scroll labelled OKIXKU ROUL.
  1449 | D:1      | 1449 ||| READING scroll labelled WUOP BIJOAL.
  1450 | D:1      | 1450 ||| READING scroll labelled QUAW NUSTROEMUBB.
  1451 | D:1      | 1451 ||| DROPPING scroll of blinking.
  1452 | D:1      | 1452 ||| DROPPING 3 scrolls of vulnerability.
  1562 | D:2      | Reached skill level 4 in Axes
  2016 | D:2      | Reached XP level 4. HP: 21/26 MP: 8/8
  2408 | D:2      | 2408 ||| DRINKING 2 puce potions.
  2408 | D:2      | Gained mutation: You possess an exceptional clarity of
                  | mind. [potion of mutation]
  2408 | D:2      | Gained mutation: You do not regenerate when monsters are
                  | visible. [potion of mutation]
  2408 | D:2      | Gained mutation: Your movements are slightly less
                  | encumbered by armour. (ER -2) [potion of mutation]
  2409 | D:2      | 2409 ||| DRINKING potion of mutation.
  2409 | D:2      | Lost mutation: Your movements are slightly less encumbered
                  | by armour. (ER -2) [potion of mutation]
  2409 | D:2      | Lost mutation: You do not regenerate when monsters are
                  | visible. [potion of mutation]
  2409 | D:2      | Gained mutation: You are covered in fur. (AC +1) [potion of
                  | mutation]
  2409 | D:2      | Gained mutation: Your body sometimes deteriorates upon
                  | taking damage. [potion of mutation]
  2409 | D:2      | Gained mutation: Your spells are a little harder to cast,
                  | but a little more powerful. [potion of mutation]
  2420 | D:3      | 2420 ||| STAIRDANCE
  2446 | D:3      | 2446 ||| STAIRDANCE
  2451 | D:2      | Reached skill level 5 in Axes
  2452 | D:3      | Noticed Jessica
  2455 | D:3      | 2455 ||| STAIRDANCE
  2583 | D:3      | Killed Jessica
  2584 | D:3      | 2584 ||| STAIRDANCE
  2717 | D:3      | 2717 ||| Stepping ~*~*~tactically~*~*~ (stealth).
  2724 | D:3      | Gained mutation: Your magical nature lets you fly swiftly
                  | and evasively. [Tengu growth]
  2724 | D:3      | Reached XP level 5. HP: 30/30 MP: 9/9
  2795 | D:3      | Found a shimmering altar of Xom.
  2800 | D:3      | 2800 ||| Stepping ~*~*~tactically~*~*~ (stealth).
  2806 | D:3      | Found a shimmering blue altar of Sif Muna.
  2806 | D:3      | Found an iron altar of Okawaru.
  2808 | D:3      | Found a shimmering altar of Xom.
  2808 | D:3      | Found an opulent altar of Gozag.
  2808 | D:3      | Found an ornate altar of the Wu Jian Council.
  3074 | D:3      | 3074 ||| UPGRADING to +0 plate armour.
  3084 | D:3      | 3084 ||| DROPPING +0 scale mail.
  3085 | D:3      | 3085 ||| READING scroll labelled CENGAK YGHOL.
  3138 | D:3      | HP: 5/30 [poisoned by a kobold]
  3139 | D:3      | HP: 1/30 [poisoned by a kobold]
  3140 | D:3      | Succumbed to a kobold's poison

Levels and vault maps discovered:
D:1:      spicycebolla_green_bress_n_ham, layout_loops_corners, serial_shops,
          shop, basic_ecumenical_altar
D:2:      layout_loops_cross
D:3:      layout_rooms, doesnt_xom_only_xom, uniq_jessica

Skill      XL: |  1  2  3  4 |
---------------+-------------+-----
Axes           | 3 4 5 |  5.6
Fighting       | |  2.0
Throwing       | |  1.0
Armour         | |  1.1
Dodging        | |  2.1
Spellcasting   | |  2.0
Translocations | |  2.4

Action                   |  1- 3 |  4- 6 || total
-------------------------+-------+-------++-------
Melee: Hand axe          |   115 |    51 ||   166
       Kick              |    20 |     9 ||    29
       Peck              |    14 |     8 ||    22
Throw: Boomerang         |     7 |       ||     7
  Use: Scroll            |     6 |     1 ||     7
       Potion            |       |     2 ||     2
Armor: Leather armour    |    29 |       ||    29
       Scale mail        |    23 |    17 ||    40
Dodge: Dodged            |    61 |    15 ||    76

Table legend:
 A = Non-vault XP
 B = Vault XP
 C = Vault XP percentage of total XP
 D = Non-vault monster count
 E = Vault monster count
 F = Vault count percentage of total count
                 A         B        C        D         E       F
            +---------+---------+-------+---------+---------+-------
      Total |     144 |      37 |  20.4 |      65 |       1 |   1.5
            +---------+---------+-------+---------+---------+-------
        D:1 |      41 |       0 |   0.0 |      28 |       0 |   0.0
        D:2 |      77 |       0 |   0.0 |      21 |       0 |   0.0
        D:3 |      26 |      37 |  58.7 |      16 |       1 |   5.9
            +---------+---------+-------+---------+---------+-------
